 Dungeon Crawl Stone Soup version 0.31.0-9-g3a7656b989 (webtiles) character file.

Game seed: 13319738388152980665

162 qw the Shooter (level 5, -1/26 HPs)
             Began as a Spriggan Hunter on Feb 2, 2024.
             Killed from afar by Natasha (8 damage)
             ... with a puff of flame
             ... on level 3 of the Dungeon.
             The game lasted 00:00:08 (1631 turns).

qw the Shooter (Spriggan Hunter)                    Turns: 1631, Time: 00:00:08

Health: -1/26      AC:  3    Str:  7    XL:     5   Next: 19%
Magic:  6/6        EV: 20    Int: 10    God:
Gold:   86         SH:  0    Dex: 21    Spells: 4/4 levels left

rFire   . . .        a - +0 shortbow
rCold   + . .        (shield currently unavailable)
rNeg    . . .        c - +0 robe
rPois   +            (helmet restricted)
rElec   .            f - +0 cloak
rCorr   .            (gloves unavailable)
SInv    +            (boots unavailable)
Will    .....        (no amulet)
Stlth   ++           e - ring of protection from cold
HPRegen 0.24/turn    g - ring of poison resistance
MPRegen 0.10/turn

%: no passive effects
@: slowed, quick
A: very small, no large weapons, unfitting armour, see invisible, speed 3
a: no special abilities


You were on level 3 of the Dungeon.
You visited 1 branch of the dungeon, and saw 3 of its levels.

You collected 86 gold pieces.


Innate Abilities, Weirdness & Mutations

You are very small and have problems with some larger weapons.
You are too small for most types of armour.
You have supernaturally acute eyesight. (SInv)
You cover ground extremely quickly. (Speed+++)


   Skills:
 - Level 2.2 Fighting
 + Level 5.3 Ranged Weapons
 - Level 5.0 Dodging
 - Level 1.5 Stealth


You had 4 spell levels left.
You didn't know any spells.
Your spell library was empty.

Inventory:

Hand Weapons
 a - a +0 shortbow (weapon)
Armour
 c - a +0 robe (worn)
 f - a +0 cloak (worn)
Jewellery
 e - a ring of protection from cold (left hand)
 g - a ring of poison resistance (right hand)
Scrolls
 d - a scroll of identify
 i - a scroll of teleportation
Potions
 b - 2 potions of curing
 h - a potion of cancellation {unknown}

Dungeon Overview and Level Annotations

Branches:
Dungeon (3/15)

Altars:

Annotations:
D:3 Natasha


Message History

1610 ||| FLEEEEING.
1611 ||| FLEEEEING.
You start resting.
Natasha hisses.
Natasha is nearby!
1613 ||| FLEEEEING.
1614 ||| FLEEEEING.
1615 ||| FLEEEEING.
1616 ||| FLEEEEING.
You start resting.
Natasha is nearby!
1618 ||| FLEEEEING.
1619 ||| FLEEEEING.
There is an open door here.
1620 ||| FLEEEEING.
1621 ||| FLEEEEING.
You start resting.
Natasha is nearby!
You shoot an arrow. The arrow closely misses Natasha.
You shoot an arrow. The arrow closely misses Natasha.
Natasha barely misses you.
You shoot an arrow. The arrow barely misses Natasha.
Natasha casts a spell at you.
You feel yourself slow down.
You shoot an arrow. The arrow closely misses Natasha.
Natasha claws you.
Natasha zaps a wand.
The puff of flame hits you!
You shoot an arrow.
The arrow hits Natasha but does no damage.
Natasha closely misses you.
Natasha howls an incantation.
Natasha shimmers violently.
Natasha misses you.
You shoot an arrow. The arrow hits Natasha.
Natasha is moderately wounded.
Natasha howls an incantation.
Natasha glows brightly for a moment.
Natasha zaps a wand.
The puff of flame hits you.
Natasha zaps a wand.
The puff of flame hits you!
You die...
Natasha begins licking her fur clean.

#####h### #. #.# ######.
#.# #.....####...##. #.#
#.....#......... #.#
#.....#.##....#% #.#
#.....#.##....#.
#####'###.....#.##....#.
#.....h.#.....#.##.=..#.
#......@#.....#.##....#.
#.......[.....(.......#.
#.......#.....#.##...##.
#########.....#.#######.
#######.# #.# #.# #.#
..# .


You could see Natasha.

Vanquished Creatures
  A jelly (D:3)
  Natasha (D:3)
  3 adders (D:2)
  3 ribbon worms (D:2)
  2 dart slugs (D:1)
  7 endoplasms
  4 giant cockroaches
  6 goblins
  8 hobgoblins
  3 jackals (D:1)
  2 kobolds
  A quokka (D:3)
  2 ball pythons
  13 bats
  3 frilled lizards
  5 rats
64 creatures vanquished.

Notes
Turn   | Place    | Note
-------+----------+-------------------------------------------
     0 | D:1      | qw the Spriggan Hunter began the quest for the Orb.
     0 | D:1      | Reached XP level 1. HP: 10/10 MP: 2/2
     0 | D:1      | 0 ||| qw: Version: 0.3-a-155-g5e7d8dd
     0 | D:1      | 0 ||| qw: Game counter: 2632
     0 | D:1      | 0 ||| qw: Melee chars always use a shield: true
     0 | D:1      | 0 ||| qw: God list: Okawaru
     0 | D:1      | 0 ||| qw: Allow faded altars: false
     0 | D:1      | 0 ||| qw: Do Orc after clearing Dungeon:15 true
     0 | D:1      | 0 ||| qw: Do second Lair branch before Depths: true
     0 | D:1      | 0 ||| qw: Lair rune preference: random
     0 | D:1      | 0 ||| qw: Goals: Normal
     0 | D:1      | 0 ||| PLANNING D:1-11
    50 | D:1      | Reached skill level 3 in Dodging
   164 | D:1      | Reached XP level 2. HP: 14/14 MP: 3/3
   257 | D:1      | 257 ||| RETREEEEATING.
   562 | D:1      | Reached XP level 3. HP: 18/18 MP: 4/4
   723 | D:1      | 723 ||| UPGRADING to ring of protection from cold.
   724 | D:1      | 724 ||| READING scroll labelled JAUNIUNI ZOHEA.
   725 | D:1      | 725 ||| READING scroll labelled ETUIRATZ YMNOL.
   730 | D:1      | 730 ||| DROPPING scroll of butterflies.
   804 | D:2      | HP: 4/18 [adder (2)]
  1028 | D:2      | Reached XP level 4. HP: 22/22 MP: 5/5
  1270 | D:2      | 1270 ||| UPGRADING to +0 cloak.
  1275 | D:2      | 1275 ||| UPGRADING to ring of poison resistance.
  1276 | D:2      | 1276 ||| READING 2 scrolls labelled QUACIRUEQU.
  1276 | D:2      | 1276 ||| IDENTIFYING 2 purple potions
  1277 | D:2      | 1277 ||| READING scroll of identify.
  1277 | D:2      | 1277 ||| IDENTIFYING scroll labelled GOACOA IWKALA
  1278 | D:2      | 1278 ||| DROPPING scroll of vulnerability.
  1442 | D:3      | Noticed Natasha
  1449 | D:3      | Killed Natasha
  1450 | D:3      | Reached XP level 5. HP: 13/26 MP: 6/6
  1450 | D:3      | 1450 ||| FLEEEEING.
  1451 | D:3      | 1451 ||| FLEEEEING.
  1452 | D:3      | 1452 ||| FLEEEEING.
  1454 | D:3      | 1454 ||| FLEEEEING.
  1455 | D:3      | 1455 ||| FLEEEEING.
  1457 | D:3      | 1457 ||| FLEEEEING.
  1458 | D:3      | 1458 ||| FLEEEEING.
  1459 | D:3      | 1459 ||| FLEEEEING.
  1460 | D:3      | 1460 ||| FLEEEEING.
  1461 | D:3      | 1461 ||| FLEEEEING.
  1462 | D:3      | 1462 ||| FLEEEEING.
  1463 | D:3      | 1463 ||| FLEEEEING.
  1464 | D:3      | 1464 ||| FLEEEEING.
  1465 | D:3      | 1465 ||| FLEEEEING.
  1466 | D:3      | 1466 ||| FLEEEEING.
  1469 | D:3      | 1469 ||| FLEEEEING.
  1472 | D:3      | 1472 ||| FLEEEEING.
  1473 | D:3      | 1473 ||| FLEEEEING.
  1474 | D:3      | 1474 ||| STAIRDANCE
  1507 | D:2      | 1507 ||| READING 2 scrolls labelled TAXOVA LUMM.
  1508 | D:2      | 1508 ||| READING scroll labelled HYLASU WOLEKH.
  1509 | D:2      | 1509 ||| DROPPING scroll of revelation.
  1604 | D:3      | Noticed Natasha
  1606 | D:3      | 1606 ||| FLEEEEING.
  1607 | D:3      | 1607 ||| FLEEEEING.
  1608 | D:3      | 1608 ||| FLEEEEING.
  1609 | D:3      | 1609 ||| FLEEEEING.
  1610 | D:3      | 1610 ||| FLEEEEING.
  1611 | D:3      | 1611 ||| FLEEEEING.
  1613 | D:3      | 1613 ||| FLEEEEING.
  1614 | D:3      | 1614 ||| FLEEEEING.
  1615 | D:3      | 1615 ||| FLEEEEING.
  1616 | D:3      | 1616 ||| FLEEEEING.
  1618 | D:3      | 1618 ||| FLEEEEING.
  1619 | D:3      | 1619 ||| FLEEEEING.
  1620 | D:3      | 1620 ||| FLEEEEING.
  1621 | D:3      | 1621 ||| FLEEEEING.
  1631 | D:3      | Killed from afar by Natasha

Levels and vault maps discovered:
D:1:      psy_arrival_heroes, layout_loops_ring
D:2:      layout_rooms, minmay_misc_feat_room
D:3:      layout_basic, uniq_natasha

Skill      XL: |  1  2  3  4 |
---------------+-------------+-----
Dodging        | 3 4 5 |  5.0
Ranged Weapons | 5 |  5.3
Fighting       | 2 |  2.2
Stealth        | |  1.5

Action                     |  1- 3 |  4- 6 || total
---------------------------+-------+-------++-------
   Fire: Shortbow          |   120 |    78 ||   198
    Use: Scroll            |     2 |     4 ||     6
 Armour: Robe              |    13 |    11 ||    24
  Dodge: Dodged            |    51 |    27 ||    78

Table legend:
 A = Non-vault XP
 B = Vault XP
 C = Vault XP percentage of total XP
 D = Non-vault monster count
 E = Vault monster count
 F = Vault count percentage of total count
                 A         B        C        D         E       F
            +---------+---------+-------+---------+---------+-------
      Total |     196 |      36 |  15.5 |      63 |       1 |   1.6
            +---------+---------+-------+---------+---------+-------
        D:1 |      48 |       0 |   0.0 |      26 |       0 |   0.0
        D:2 |      83 |       0 |   0.0 |      24 |       0 |   0.0
        D:3 |      65 |      36 |  35.6 |      13 |       1 |   7.1
            +---------+---------+-------+---------+---------+-------
